 Dungeon Crawl Stone Soup version 0.25.1-8-g42b30a86e7 (webtiles) character file.

Game seed: 1060119372535262049

281 gruber the Chiller (level 6, -4/41 HPs)
             Began as a Demonspawn Ice Elementalist on Dec 19, 2020.
             Slain by an orc wizard
             ... wielding a +0 dagger of electrocution
              (15 damage)
             ... on level 4 of the Dungeon.
             The game lasted 00:04:08 (4112 turns).

gruber the Chiller (Demonspawn Ice Elementalist)    Turns: 4112, Time: 00:04:09

Health: -4/41      AC:  3    Str:  8    XL:     6   Next: 6%
Magic:  0/9        EV: 12    Int: 18    God:
Gold:   223        SH:  4    Dex: 14    Spells: 5/9 levels left

rFire    . . .     SeeInvis .   l - +2 rapier (drain)
rCold    . . .     Gourm    .   (no shield)
rNeg     . . .     Faith    .   a - +0 robe
rPois    .         Spirit   +   i - +0 helmet
rElec    .         Reflect  .   (no cloak)
rCorr    .         Harm     .   (no gloves)
MR       .....                  (no boots)
Stlth    ++........             j - amulet of the acrobat
HPRegen  0.13/turn              (no ring)
MPRegen  0.11/turn              (no ring)

@: frozen ramparts
A: large bone plates 1, magic shield
a: no special abilities


You were on level 4 of the Dungeon.
You were very hungry.

You visited 1 branch of the dungeon, and saw 4 of its levels.

You collected 223 gold pieces.

Inventory:

Hand Weapons
 l - a +2 rapier of draining (weapon)
Armour
 a - a +0 robe (worn)
 i - a +0 helmet (worn)
Jewellery
 j - an amulet of the acrobat (around neck)
Scrolls
 b - 4 scrolls of identify {unknown}
 e - 2 scrolls of enchant weapon {unknown}
 h - a scroll of remove curse {unknown}
 k - a scroll of blinking {unknown}
 m - a scroll of teleportation {unknown}
Potions
 d - a potion of brilliance {unknown}
 f - 3 potions of curing {unknown}
 g - a potion of lignification {unknown}
 n - a potion of mutation {unknown}
Comestibles
 c - 2 rations


   Skills:
 - Level 1.7 Dodging
 - Level 1.7 Stealth
 - Level 2.0 Spellcasting
 + Level 6.7 Ice Magic


You had 5 spell levels left.
You knew the following spells:

 Your Spells              Type           Power        Failure   Level  Hunger
a - Freeze                Ice            ####         1%          1    #......
b - Frozen Ramparts       Ice            ####..       3%          3    ###....

Your spell library contained the following spells:

 Spells                   Type           Power        Failure   Level  Hunger
 Ensorcelled Hibernation  Hex/Ice        ##....       7%          2    ###....
 Ozocubu's Armour         Chrm/Ice       ##......     14%         3    ###....
 Corona                   Hex            #......      19%         1    #......
 Hailstorm                Conj/Ice       ##......     41%         4    #####..
 Summon Ice Beast         Ice/Summ       ##......     41%         4    #####..
 Confusing Touch          Hex            #.......     47%         3    ###....
 Dazzling Flash           Conj/Hex       #.....       47%         3    ###....
 Tukima's Dance           Hex            #.......     47%         3    ###....


Dungeon Overview and Level Annotations

Branches:
Dungeon (4/15)
 Temple: D:4-7

Altars:


Innate Abilities, Weirdness & Mutations

You are partially covered in large bone plates. (SH +4)
When hurt, damage is shared between your health and your magic reserves.


Message History

The giant cockroach closely misses you.
There is a stone staircase leading up, spattered with blood here.
Unknown command.
Unknown command.
Unknown command.
Casting: Frozen Ramparts (dangerous; 3% risk of failure)
Confirm with . or Enter, or press ? or * to list all spells.
The walls around you are covered in ice.
The orc wizard hits you but does no damage.
You are electrocuted!!
The orc hits you with a +0 club.
* * * LOW HITPOINT WARNING * * *
The wall freezes the orc!
You kill the orc!
The wall freezes the giant cockroach!
You kill the giant cockroach!
Unknown command.
The orc wizard hits you with a +0 dagger of electrocution.
* * * LOW HITPOINT WARNING * * *
You are electrocuted!
You die...

.....#
....#
....#
...#######
#.........
#.........
#†.o......
#.@.o.....
#).o......
#.........
######....
... .. .


You could see an orc wizard and 2 orcs.

Vanquished Creatures
  A bullfrog (D:2)
  An orc priest (D:3)
  9 adders
  An ooze (D:3)
  2 dart slugs (D:2)
  A leopard gecko (D:3)
  8 orcs
  11 bats
  3 giant cockroaches
  8 goblins
  8 hobgoblins
  6 jackals (D:2)
  12 kobolds
  A quokka (D:2)
  2 ball pythons
  3 frilled lizards
  10 rats
87 creatures vanquished.

Notes
Turn   | Place    | Note
-------+----------+-------------------------------------------
     0 | D:1      | gruber the Demonspawn Ice Elementalist began the quest for
                  | the Orb.
     0 | D:1      | Reached XP level 1. HP: 13/13 MP: 3/3
   223 | D:1      | Reached skill level 4 in Ice Magic
   385 | D:1      | Gained mutation: When hurt, damage is shared between your
                  | health and your magic reserves. [demonic ancestry]
   385 | D:1      | Reached XP level 2. HP: 5/19 MP: 3/5
  1485 | D:2      | Reached XP level 3. HP: 24/24 MP: 6/6
  1493 | D:2      | Learned a level 3 spell: Frozen Ramparts
  1866 | D:2      | Reached skill level 5 in Ice Magic
  2235 | D:2      | Noticed a bullfrog
  2245 | D:2      | Killed a bullfrog
  2245 | D:2      | Gained mutation: You are partially covered in large bone
                  | plates. (SH +4) [demonic ancestry]
  2245 | D:2      | Reached XP level 4. HP: 8/30 MP: 0/7
  2493 | D:2      | Reached XP level 5. HP: 33/35 MP: 8/8
  2899 | D:3      | Reached skill level 6 in Ice Magic
  3574 | D:3      | Reached XP level 6. HP: 35/41 MP: 9/9
  4112 | D:4      | Slain by an orc wizard

Illustrated notes

Levels and vault maps discovered:
D:1:      dpeg_arrival_simpleton_a, layout_basic
D:2:      minmay_chambers_of_twos, layout_loops_ring, serial_glass,
          glass_columns_a, glass_columns_b, minmay_strange_pillars,
          item_on_display_a, item_on_display_a
D:3:      layout_loops_ring
D:4:      layout_gridville, kiku_gazebo_pond_becter, minmay_temple_entry_glass

Skill      XL: |  1  2  3  4  5 |
---------------+----------------+-----
Ice Magic      | 4 5 6 |  6.7
Dodging        | |  1.7
Stealth        | |  1.7
Spellcasting   | |  2.0

Action                   |  1- 3 |  4- 6 || total
-------------------------+-------+-------++-------
Melee: Whip              |    27 |       ||    27
       Unarmed           |     1 |       ||     1
       Dagger            |    55 |       ||    55
       Rapier            |     5 |    66 ||    71
 Cast: Freeze            |    16 |     3 ||    19
       Frozen Ramparts   |     3 |    12 ||    15
 Stab: Sleeping          |     2 |     5 ||     7
       Distracted        |       |     1 ||     1
  Eat: Chunk             |     5 |     6 ||    11
Armor: Robe              |    25 |     7 ||    32
Dodge: Dodged            |   100 |    58 ||   158
Block: Other             |       |     9 ||     9
